 Dungeon Crawl Stone Soup version 0.31-a0-818-ge7c7cf74f0 (webtiles) character file.

Game seed: 14813528740190792760

9821 lunkers the Martial Artist (level 12, -1/102 HPs)
             Began as a Meteoran Shapeshifter on Sept 22, 2023.
             Was the Champion of Jiyva.
             Killed from afar by a molten gargoyle (9 damage)
             ... with a bolt of magma
             ... in a volcano.
             The game lasted 00:15:28 (5238 turns).

lunkers the Martial Artist (Meteoran Shapeshifter)  Turns: 5238, Time: 00:15:29

Health: -1/102     AC: 10    Str: 19    XL:     12   Next: 10%
Magic:  22/22      EV: 14    Int: 13    God:    Jiyva [******]
Gold:   453        SH:  0    Dex: 17    Spells: 11/11 levels left

rFire   . .          .
                       - Unarmed
rCold   + . .        (no shield)
rNeg    . . .        i - +0 scale mail
rPois   .            (helmet currently unavailable)
rElec   .            (cloak currently unavailable)
rCorr   +            (gloves currently unavailable)
SInv    .            (boots currently unavailable)
Will    +....        (no amulet)
Stlth   +            s - +4 ring of protection
HPRegen 1.97/turn    m - ring of magical power
MPRegen 0.68/turn

%: no passive effects
@: beast-form, glowing
A: beast (slay +4), sense surroundings 2, otherworldly, glowing, explore regen,
talons 1, cold resistance 1, strong 1, translucent skin 3, tendrils, jelly
sensing items
a: Begin Untransformation, Renounce Religion, Oozemancy, Slimify


You were in a volcano.
You worshipped Jiyva.
Jiyva was exalted by your worship.
You were a hulking beast.
You visited 2 branches of the dungeon, and saw 12 of its levels.
You also visited: Sewer and Volcano.

You collected 453 gold pieces.

Inventory:

Hand Weapons
 a - the +11 dagger "Kanown" {venom, Drain rC+ Int+5 Stlth+}
   (You found it on level 3 of the Dungeon)

   Int+5:     It affects your intelligence (+5).
   rC+:       It protects you from cold.
   Drain:     It drains your maximum health when unequipped.
   Stlth+:    It makes you more stealthy.
 u - a +5 scimitar of flaming
Armour
 i - a +0 scale mail (worn)
 j - a +1 robe of willpower
Jewellery
 k - a +6 ring of intelligence
 m - a ring of magical power (right hand)
 s - a +4 ring of protection (left hand)
Talismans
 c - a beast talisman (active)
 d - a flux talisman
Wands
 f - a wand of flame (9)
 g - a wand of mindburst (11)
 v - a wand of charming (8)
Scrolls
 h - a scroll of enchant armour
 l - a scroll of fog
Potions
 b - 2 potions of invisibility
 e - 3 potions of curing
 n - 3 potions of ambrosia
 o - 3 potions of haste
 p - 2 potions of might
 q - a potion of brilliance
 r - 2 potions of cancellation
 t - a potion of attraction


   Skills:
 + Level 8.2 Fighting
 + Level 8.6 Dodging
 * Level 14.2 Unarmed Combat
 + Level 9.8 Shapeshifting


You had 11 spell levels left.
You didn't know any spells.
Your spell library contained the following spells:

 Spells                   Type           Power      Damage    Failure   Level
 Blink                    Tloc           0%         N/A       83%         2
 Lesser Beckoning         Tloc           0%         N/A       83%         2
 Momentum Strike          Conj/Tloc      0%         3d8       83%         2


Dungeon Overview and Level Annotations

Branches:
Dungeon (9/15) Zot: 1172   Temple (0/1) D:5            Lair (3/5) D:9 Zot: 1247
  Swamp (0/4) Lair:2          Orc (0/2) D:9           Sewer (visited)
Volcano (1/1) Zot: 542
  Snake: Lair:2-3    Spider: Lair:2-3

Altars:
Xom

Shops:
D:4 *(   D:6 :   D:8 (


Innate Abilities, Weirdness & Mutations

You are a hulking beast.
Your limbs bulge with bestial killing power. (Slay +4)
You passively map the area around you.
You are easily found by Zot.
You glow in the dark.
You regain HP and MP as you explore.
You have sharp toenails.
Your flesh is cold resistant. (rC+)
Your muscles are strong. (Str +4, Int/Dex -1)
Your transparent skin significantly reduces your foes' accuracy. (Stealth+)
You are covered in slimy tendrils that may disarm your opponents.
You have a small jelly attached to you that senses nearby items.


Message History

There are monsters nearby!
There is an open door here.
An earth elemental comes into view.
The lindwurm breathes flames at you. The blast of flame misses you.
The lindwurm breathes flames at you. The blast of flame hits you!
Why would you want to do that? Why would you want to do that?
The earth elemental hits you!!
You hit the earth elemental.
The earth elemental is lightly damaged.
You hit the earth elemental but do no damage.
The earth elemental is lightly damaged.
The earth elemental completely misses you.
You hit the earth elemental. You claw the earth elemental.
The earth elemental is lightly damaged.
You pummel the earth elemental!!
The earth elemental is severely damaged.
You pummel the earth elemental!!
You destroy the earth elemental!
The lindwurm breathes flames at you. The blast of flame hits you!!!
* * * LOW HITPOINT WARNING * * *
You shudder from the blast and a jelly pops out!
The lindwurm breathes flames at you. The blast of flame hits you!!
* * * LOW HITPOINT WARNING * * *
You shudder from the blast and a jelly pops out!
The blast of flame hits your azure jelly!
Your azure jelly is burned terribly!
You open the door. The lindwurm breathes flames at you.
The blast of flame hits you!!
* * * LOW HITPOINT WARNING * * *
You shudder from the blast and a jelly pops out!
An earth elemental and a molten gargoyle come into view.
The molten gargoyle blasts magma at you!
The bolt of magma hits you!
You die...

#### ##..## **
##.≈≈.## #**
#..≈≈..# #### *~
* #. * ##J≈≈≈≈.##
##..## ~ E9 *
#.J≈≈≈≈..###....#
, * #.
#J≈≈k.≈..##..###)
~ ,, *
#.##.≈≈≈k≈..##.##
## * , * *
#.h#≈≈###≈#'.##≈
# ~ #######
###### ≈§≈° , * ~
* ~ ~ ≈≈≈≈ + ~ ~
~ ~ ~ ,.§≈≈≈≈ , *
,* ,~ ~ ~
**...≈≈. ~ * *, *
~ , *##.≈.. *
##§## * * * ,~~,
* , ~


You could see 2 lindwurms, an earth elemental, a molten gargoyle, a friendly
azure jelly (summoned) and 2 friendly quicksilver oozes.

Vanquished Creatures
  Erica (Lair:2)
  A bog body (Lair:2)
  A molten gargoyle (Volcano)
  An unseen horror (D:7)
  2 komodo dragons
  A troll (D:7)
  A queen bee (Lair:1)
  A polar bear (Lair:1)
  7 dream sheep (Lair:2)
  3 yaks (D:9)
  A wyvern (D:9)
  2 nagas (Lair:2)
  An acid dragon (D:8)
  7 water moccasins
  3 black bears
  4 orc warriors
  4 sky beasts
  A phantom (D:6)
  A kobold brigand (D:9)
  9 bullfrogs
  A gnoll sergeant (D:7)
  5 scorpions
  3 earth elementals (Volcano)
  19 killer bees (Lair:1)
  2 hounds
  2 jellies (Sewer)
  Jessica (D:2)
  3 iguanas
  2 sleepcaps
  Terence (D:2)
  11 orc wizards
  7 adders
  7 gnolls
  A shadow imp (D:8)
  A white imp (D:6)
  2 ufetubi (D:5)
  4 worms
  2 dart slugs
  39 orcs
  11 ball pythons
  12 endoplasms
  6 giant cockroaches
  6 goblins
  3 hobgoblins
  7 jackals
  2 quokkas
  7 bats
  5 frilled lizards
  14 kobolds
  11 rats
249 creatures vanquished.

Vanquished Creatures (collateral kills)
  A komodo dragon (Lair:2)
1 creature vanquished.

Vanquished Creatures (others)
  An orc warrior (D:8)
  2 centaurs
  A phantom (D:7)
  A bullfrog (D:6)
  7 jellies
  3 adders
  7 orcs
  2 endoplasms (D:4)
  A giant cockroach (D:4)
  A hobgoblin (D:4)
  A kobold (D:4)
  A rat (D:3)
28 creatures vanquished.

Grand Total: 278 creatures vanquished

Notes
Turn   | Place    | Note
-------+----------+-------------------------------------------
     0 | D:1      | lunkers the Meteoran Shapeshifter began the quest for the
                  | Orb.
     0 | D:1      | Reached XP level 1. HP: 16/16 MP: 2/2
   115 | D:1      | Reached skill level 4 in Unarmed Combat
   115 | D:1      | Reached XP level 2. HP: 23/23 MP: 3/3
   298 | D:2      | Reached XP level 3. HP: 27/28 MP: 4/4
   343 | D:2      | Noticed Terence
   363 | D:2      | Killed Terence
   364 | D:2      | Reached skill level 5 in Unarmed Combat
   364 | D:2      | Reached XP level 4. HP: 35/35 MP: 5/5
   672 | D:2      | Reached XP level 5. HP: 37/40 MP: 6/6
   673 | D:2      | Noticed Jessica
   678 | D:2      | Killed Jessica
   928 | D:3      | Reached skill level 6 in Unarmed Combat
   980 | D:3      | Reached XP level 6. HP: 32/47 MP: 7/7
  1010 | D:3      | Found a glowing drain.
  1042 | Sewer    | Entered a sewer
  1113 | Sewer    | Reached skill level 5 in Shapeshifting
  1160 | Sewer    | Found a viscous altar of Jiyva.
  1190 | Sewer    | Became a worshipper of Jiyva Jutyapis the Shapeless
  1349 | D:3      | Found a faded altar of an unknown god.
  1490 | D:3      | Reached * piety under Jiyva
  1600 | D:3      | Identified the +11 dagger "Kanown" {venom, Drain rC+ Int+5
                  | Stlth+}
  1634 | D:4      | Found Nuim's Serpentskin Sales.
  1634 | D:4      | Noticed a water moccasin
  1642 | D:4      | Killed a water moccasin
  1643 | D:4      | Reached skill level 7 in Unarmed Combat
  1643 | D:4      | Reached XP level 7. HP: 42/52 MP: 8/8
  1772 | D:4      | Found Vil Utufo's Antique Weapon Emporium.
  2119 | D:5      | Entered Level 5 of the Dungeon
  2158 | D:5      | Reached ** piety under Jiyva
  2237 | D:5      | Reached XP level 8. HP: 19/62 MP: 9/9
  2250 | D:5      | Reached skill level 8 in Unarmed Combat
  2299 | D:5      | Found a staircase to the Ecumenical Temple.
  2956 | D:6      | Found Kacidyu's Self-Published Books.
  3057 | D:6      | Reached *** piety under Jiyva
  3106 | D:7      | Reached skill level 9 in Unarmed Combat
  3168 | D:7      | Gained mutation: You passively map the area around you.
                  | [Meteoran growth]
  3168 | D:7      | Reached XP level 9. HP: 33/71 MP: 10/10
  3227 | D:7      | Gained mutation: You have sharp toenails. [Jiyva's grace]
  3227 | D:7      | Gained mutation: You have razor-sharp toenails. [Jiyva's
                  | grace]
  3227 | D:7      | Gained mutation: You have claws for feet. [Jiyva's grace]
  3227 | D:7      | Gained mutation: Your flesh is cold resistant. (rC+)
                  | [Jiyva's grace]
  3240 | D:7      | Noticed a troll
  3250 | D:7      | Killed a troll
  3321 | D:7      | Reached skill level 5 in Dodging
  3321 | D:7      | Reached skill level 10 in Unarmed Combat
  3322 | D:7      | Found a shimmering altar of Xom.
  3429 | D:7      | Identified the +8 sling of Ymmaus {flame, Fragile rElec
                  | Will+}
  3466 | D:7      | Reached **** piety under Jiyva
  3555 | D:7      | HP: 3/72 [something (1)]
  3556 | D:7      | Killed an unseen horror
  3557 | D:7      | Reached skill level 5 in Fighting
  3759 | D:8      | Reached XP level 10. HP: 81/81 MP: 11/11
  3901 | D:8      | Reached ***** piety under Jiyva
  4101 | D:8      | Found Oruimib's Weapon Emporium.
  4132 | D:8      | Lost mutation: You have claws for feet. [Jiyva's grace]
  4132 | D:8      | Gained mutation: Your translucent skin slightly reduces
                  | your foes' accuracy. (Stealth+) [Jiyva's grace]
  4132 | D:8      | Gained mutation: Your translucent skin reduces your foes'
                  | accuracy. (Stealth+) [Jiyva's grace]
  4132 | D:8      | Gained mutation: Your transparent skin significantly
                  | reduces your foes' accuracy. (Stealth+) [Jiyva's grace]
  4132 | D:8      | Gained mutation: You have very sharp teeth. [Jiyva's grace]
  4206 | D:9      | Reached skill level 11 in Unarmed Combat
  4335 | D:9      | Found a staircase to the Lair.
  4442 | D:9      | Reached skill level 12 in Unarmed Combat
  4537 | D:9      | Found a staircase to the Orcish Mines.
  4563 | D:9      | Noticed a komodo dragon
  4573 | D:9      | Killed a komodo dragon
  4574 | D:9      | Reached XP level 11. HP: 57/91 MP: 12/12
  4598 | Lair:1   | Entered Level 1 of the Lair of Beasts
  4696 | Lair:1   | Reached skill level 13 in Unarmed Combat
  4838 | Lair:2   | Noticed Erica
  4852 | Lair:2   | Killed Erica
  4900 | Lair:2   | Reached ****** piety under Jiyva
  4912 | Lair:2   | Found a staircase to the Swamp.
  4912 | Lair:2   | Noticed a bog body
  4922 | Lair:2   | Killed a bog body
  4923 | Lair:2   | Reached skill level 14 in Unarmed Combat
  4973 | Lair:2   | Lost mutation: You have very sharp teeth. [Jiyva's grace]
  4973 | Lair:2   | Lost mutation: You have razor-sharp toenails. [Jiyva's
                  | grace]
  4973 | Lair:2   | Lost mutation: Your transparent skin significantly reduces
                  | your foes' accuracy. (Stealth+) [Jiyva's grace]
  4973 | Lair:2   | Gained mutation: You have a small jelly attached to you
                  | that senses nearby items. [Jiyva's grace]
  4973 | Lair:2   | Gained mutation: You are covered in slimy tendrils that may
                  | disarm your opponents. [Jiyva's grace]
  4973 | Lair:2   | Gained mutation: Your transparent skin significantly
                  | reduces your foes' accuracy. (Stealth+) [Jiyva's grace]
  4973 | Lair:2   | Gained mutation: Your muscles are strong. (Str +4, Int/Dex
                  | -1) [Jiyva's grace]
  5059 | Lair:2   | Reached XP level 12. HP: 78/101 MP: 13/13
  5164 | Lair:3   | Found a dark tunnel.
  5173 | Volcano  | Entered a volcano
  5209 | Volcano  | Noticed a lindwurm
  5209 | Volcano  | Noticed a lindwurm
  5237 | Volcano  | HP: 5/102 [lindwurm/blast of flame (26)]
  5238 | Volcano  | Killed from afar by a molten gargoyle

Illustrated notes

Levels and vault maps discovered:
D:1:      evilmike_arrival_rings, layout_basic
D:2:      minmay_general_purpose_star, layout_rooms, uniq_terence, uniq_jessica
D:3:      layout_rooms, basic_ecumenical_altar, cheibrodos_sewer_entry_sluice,
          grunt_ministairs_7, kennysheep_nub
D:4:      layout_basic, serial_shops, nicolae_shop_real_fake_doors,
          guppyfry_shop_venom
D:5:      layout_rooms, minmay_temple_entry_statues
D:6:      layout_loops_ring, nicolae_custom_books
D:7:      minmay_spotlight, layout_basic, mainiacjoe_overflow_six_doors_small
D:8:      layout_layer_cave, serial_shops, shop
D:9:      lemuel_flame_loot_2, layout_irregular_city,
          due_lair_maze_entry_diamond, hiddenorc1_lemuel
Lair:1:   layout_gridlike, special_room [special_room_bee], wad_woods_river_01
Lair:2:   layout_big_grid, skrybe_swamp_entry_bodies,
          alex1729_snake_entry_snake, nzn_sisyphean_effort, uniq_erica
Lair:3:   layout_cave_pods, enter_volcano_2, beast_lair_carwin_11,
          uniq_josephine
Volcano:  volcano_aerie

Skill      XL: |  1  2  3  4  5  6  7  8  9 10 11 |
---------------+----------------------------------+-----
Unarmed Combat | 4 5 6 7 9 10 12 14 | 14.2
Shapeshifting  | 4 5 6 7 8 9 |  9.8
Fighting       | 2 3 5 6 8 |  8.2
Dodging        | 3 4 5 7 8 |  8.6

Action                     |  1- 3 |  4- 6 |  7- 9 | 10-12 || total
---------------------------+-------+-------+-------+-------++-------
  Melee: Unarmed           |    56 |   171 |   227 |   244 ||   698
         Punch             |       |     8 |    12 |    26 ||    46
         Kick              |       |       |    27 |    85 ||   112
         Bite              |       |       |       |    30 ||    30
 Invoke: Oozemancy         |       |       |       |     1 ||     1
    Use: Potion            |     1 |       |       |     1 ||     2
         Scroll            |       |     7 |     6 |     7 ||    20
 Armour: Animal skin       |    12 |    20 |       |       ||    32
         Skin              |    16 |       |       |       ||    16
         Robe              |       |    73 |   104 |       ||   177
         Scale mail        |       |       |    41 |   148 ||   189
  Dodge: Dodged            |    29 |    98 |   106 |   184 ||   417

Table legend: (Time is in decaauts)
 A = Elapsed time spent in this place.
 B = Non-inter-level travel time spent in this place.
 C = Inter-level travel time spent in this place.
 D = Time resting spent in this place.
 E = Time spent auto-exploring this place.
 F = Levels seen in this place.
 G = Mean time per level.
                   A        B        C        D        E       F      G
               +--------+--------+--------+--------+--------+-----+--------+
         Total |   5146 |   5016 |    130 |     44 |   3284 |  14 |  367.6 |
       Dungeon |   4227 |   4097 |    130 |     14 |   2911 |   9 |  469.7 |
          Lair |    552 |    552 |      0 |      0 |    274 |   3 |  184.0 |
         Sewer |    310 |    310 |      0 |     30 |     85 |   1 |  310.0 |
       Volcano |     56 |     56 |      0 |      0 |     14 |   1 |   56.0 |
               +--------+--------+--------+--------+--------+-----+--------+

Top non-repeatable levels by time:
     D:2: 589 daAuts
     D:8: 579 daAuts
     D:7: 490 daAuts
     D:6: 488 daAuts
     D:4: 483 daAuts
     D:5: 474 daAuts
     D:3: 446 daAuts
     D:9: 383 daAuts
   Sewer: 310 daAuts
     D:1: 290 daAuts
  Lair:2: 278 daAuts
  Lair:1: 176 daAuts
  Lair:3: 97 daAuts
 Volcano: 56 daAuts
